 Dungeon Crawl Stone Soup version 0.22.0-49-gab54619 (webtiles) character file.

26 WSLaFleur the Ruffian (level 2, 0/24 HPs)
             Began as a Draconian Transmuter on Sept 3, 2018.
             Slain by a gnoll
             ... wielding a +0 spear
              (2 damage)
             ... on level 2 of the Dungeon.
             The game lasted 00:09:37 (2235 turns).

WSLaFleur the Ruffian (Draconian Transmuter)        Turns: 2235, Time: 00:09:38

Health: 0/24       AC:  4    Str: 12    XL:     2   Next: 89%
Magic:  4/5        EV: 12    Int: 13    God:
Gold:   28         SH:  0    Dex: 11    Spells: 4/5 levels left

rFire    . . .     SeeInvis .     - Unarmed
rCold    . . .     Gourm    .   (no shield)
rNeg     . . .     Faith    .   (armour unavailable)
rPois    .         Spirit   .   (helmet restricted)
rElec    .         Reflect  .   (no cloak)
rCorr    .         Harm     .   (no gloves)
MR       .....                  (no boots)
Stlth    +.........             (no amulet)
HPRegen  0.08/turn              (no ring)
MPRegen  0.09/turn              (no ring)

@: no status effects
A: unfitting armour, cold-blooded, AC +4
a: no special abilities


You were on level 2 of the Dungeon.
You were not hungry.

You visited 1 branch of the dungeon, and saw 3 of its levels.

You collected 28 gold pieces.

Inventory:

Missiles
 a - 21 arrows
 h - 25 stones (quivered)
Scrolls
 b - a scroll of random uselessness {unknown}
 c - a scroll of immolation {unknown}
 d - 2 scrolls of teleportation {unknown}
 f - 2 scrolls of blinking {unknown}
 k - a scroll of remove curse {unknown}
Potions
 g - a potion of cancellation
 i - 2 potions of invisibility {unknown}
 j - a potion of flight {unknown}
Comestibles
 e - 2 rations {!d}


   Skills:
 + Level 1.6 Fighting
 - Level 1.7 Dodging
 * Level 3.5 Unarmed Combat
 + Level 2.2 Spellcasting
 + Level 2.3 Transmutations


You had 4 spell levels left.
You knew the following spells:

 Your Spells              Type           Power        Failure   Level  Hunger
a - Beastly Appendage     Tmut           #.....       10%         1    ##.....

Your spell library contained the following spells:

 Spells                   Type           Power        Failure   Level  Hunger
 Sticks to Snakes         Tmut           #.......     14%         2    ###....
 Spider Form              Tmut/Pois      #.........   43%         3    ####...
 Ice Form                 Ice/Tmut       #.......     83%         4    #####..
 Blade Hands              Tmut           #.........   95%         5    ######.


Dungeon Overview and Level Annotations

Branches:
Dungeon (3/15)

Altars:


Innate Abilities, Weirdness & Mutations

Your plain brown scales are hard. (AC +4)
You cannot fit into any form of body armour.
You are cold-blooded and may be slowed by cold attacks.


Message History

The floor.
Unknown command.
Unknown command.
You see here a kobold corpse.
Your horns disappear.
You see here a kobold corpse.
There are no objects that can be picked up here. a kobold corpse Unknown command.
The kobold corpse isn't edible.
Unknown command.
There is a stone staircase leading up here.
Okay, then.
The kobold hits you.
You climb upwards.
There is a stone staircase leading down here.
You hit the kobold.
You kill the kobold!
You see here a kobold corpse.
You see here a kobold corpse.
There is a stone staircase leading down here.
There isn't anything here!
You see here a kobold corpse.
The kobold corpse isn't edible.
There is a stone staircase leading down here.
You climb downwards.
The gnoll barely misses you. The gnoll hits you with a spear.
There is a stone staircase leading up here.
The gnoll misses you.
You climb upwards.
There is a stone staircase leading down here.
You grow a pair of large bovine horns.
The gnoll hits you with a spear.
You closely miss the gnoll. You punch the gnoll, but do no damage.
You hit the gnoll. You punch the gnoll. The gnoll hits you with a spear.
* * * LOW HITPOINT WARNING * * *
You barely miss the gnoll. Your headbutt misses the gnoll.
The gnoll hits you with a spear.
* * * LOW HITPOINT WARNING * * *
You closely miss the gnoll. The gnoll hits you with a spear.
* * * LOW HITPOINT WARNING * * *
Here: a gnoll, wielding a spear (heavily wounded)
The floor.
Unknown command.
Unknown command.
It was a potion of cancellation.
Your magical effects are unravelling.
You feel magically purged.
Your horns disappear.
The gnoll hits you with a spear.
You die...

#.# ### #.# ..# #.# #.# # #.#
#.# # #.# #.# # #.# #.# # #.#
#.# # #.# #†# # #.# #@# #######
#######.# #g###...#.. #.#
.>......# #...#.#.#.# #.#
###.....########.#.#.#.#.# #.#
....<..............#.#.#.# ##.#
.##..................#.#.#.##.#
##.....##############.#.#.##.#
........'...................#.#
###.....##############.#.####.#


You could see a gnoll.

Vanquished Creatures
  An ooze (D:1)
  A giant cockroach (D:2)
  2 hobgoblins (D:1)
  4 jackals (D:1)
  7 kobolds
  2 bats (D:1)
  A goblin (D:1)
  2 rats
20 creatures vanquished.

Notes
Turn   | Place    | Note
-------+----------+-------------------------------------------
     0 | D:1      | WSLaFleur the Draconian Transmuter began the quest for the
                  | Orb.
     0 | D:1      | Reached XP level 1. HP: 16/16 MP: 3/3
   639 | D:1      | Reached XP level 2. HP: 21/23 MP: 5/5
   826 | D:1      | You fall through a shaft!
  2235 | D:2      | Slain by a gnoll

Action                   || total
-------------------------++-------
Melee: Unarmed           ||    86
       Tailslap          ||     9
       Headbutt          ||     3
       Kick              ||     2
       Punch             ||     2
Throw: Stone             ||     3
 Cast: Beastly Appendage ||    11
  Use: Potion            ||     1
  Eat: Ration            ||     1
       Chunk             ||     1
Armor: Skin              ||    17
Dodge: Dodged            ||    58
